 Dungeon Crawl Stone Soup version 0.21.1-1-g345015f (webtiles) character file.

2487 RudyRod the Carver (level 9, -3/69 HPs)
             Began as a Formicid Fighter on May 6, 2018.
             Slain by Duvessa
             ... wielding a +2 short sword of electrocution
              (17 damage)
             ... on level 7 of the Dungeon.
             The game lasted 00:20:39 (6067 turns).

RudyRod the Carver (Formicid Fighter)               Turns: 6067, Time: 00:20:40

Health: -3/69      AC: 15    Str: 22    XL:     9   Next: 81%
Magic:  9/9        EV:  9    Int:  9    God:
Gold:   441        SH: 12    Dex: 13    Spells: 8/8 levels left

rFire    + . .     SeeInvis +   a - +1 long sword
rCold    x . .     Gourm    .   c - +1 shield
rNeg     . . .     Faith    .   l - +2 chain mail {MR+}
rPois    .         Spirit   .   (helmet unavailable)
rElec    .         Reflect  .   x - +0 cloak
rCorr    .         Harm     .   (no gloves)
MR       +++..                  (no boots)
Stlth    ..........             (no amulet)
HPRegen  0.21/turn              n - ring of protection from magic
MPRegen  0.11/turn              m - ring of fire

@: no status effects
A: permanent stasis, dig shafts and tunnels, four strong arms, antennae 3, thin
skeletal structure 1, yellow scales 1, magic resistance 1, screaming 1
a: Dig, Shaft Self


You were on level 7 of the Dungeon.
You were not hungry.

You visited 1 branch of the dungeon, and saw 7 of its levels.

You collected 441 gold pieces.

Inventory:

Hand Weapons
 a - a +1 long sword (weapon)
 g - a +1 shortbow of flaming
 o - a +0 scimitar
Armour
 c - a +1 shield (worn)
 l - a +2 chain mail of magic resistance (worn)
 x - a +0 cloak (worn)
Jewellery
 m - a ring of fire (right hand)
 n - a ring of protection from magic (left hand)
Scrolls
 d - a scroll of enchant weapon
 e - 6 scrolls of remove curse
 h - 4 scrolls of identify
 i - 2 scrolls of magic mapping
 j - a scroll of fear
Potions
 k - a potion of resistance
 s - a potion of ambrosia {unknown}
 u - 2 potions of curing
 w - a potion of haste {unknown}
Comestibles
 b - 12 chunks of flesh
 f - 18 rations


   Skills:
 + Level 5.7 Fighting
 + Level 8.0 Long Blades
 + Level 6.3 Armour
 * Level 4.5 Dodging
 + Level 0.1 Stealth
 + Level 7.1 Shields


You had 8 spell levels left.
You didn't know any spells.

Dungeon Overview and Level Annotations

Branches:
Dungeon (7/15)
 Temple: D:4-7

Altars:
Nemelex Xobeh
Vehumet

Annotations:
D:7 Dowan, Duvessa


Innate Abilities, Weirdness & Mutations

You cannot be hasted, slowed, berserked, paralysed or teleported.
You can dig through walls and to a lower floor.
Your four strong arms can wield two-handed weapons with a shield.
You have a pair of large antennae on your head. (SInv)
You have a somewhat thin skeletal structure. (Dex +2, Stealth)
You are partially covered in yellow scales. (AC +2)
You are resistant to hostile enchantments. (MR+)
You occasionally shout uncontrollably at your foes.


Message History

Duvessa hits you but does no damage. Dowan hits you but does no damage.
You hit Duvessa but do no damage.
Duvessa is moderately wounded.
You block Duvessa's attack. Dowan hits you but does no damage.
You hit Duvessa.
Duvessa is heavily wounded.
Duvessa hits you with a short sword of electrocution.
You are electrocuted!
Dowan hits you with a dagger.
You hit Duvessa.
Duvessa is heavily wounded.
You block Duvessa's attack. You block Dowan's attack.
You hit Duvessa.
Duvessa is severely wounded.
Duvessa hits you but does no damage.
You are electrocuted!
* * * LOW HITPOINT WARNING * * *
You block Dowan's attack.
You barely miss Duvessa.
Duvessa is severely wounded.
Duvessa hits you but does no damage.
You are electrocuted!
You die...

##########
########.##.....#
######..e@e..#.#.###.#
#......######......#.#
#......# ####.#.#.##
#......# #.......#
#.....## #.......#
#..... #.##.##.#
......# #.#..##.#
.#..ee #.#.###.# .....
#.......#


You could see Duvessa and Dowan.

Vanquished Creatures
  The ghost of Tiareth the Magician, a novice DESk of Cheibriados (D:6)
  An ice beast (D:6)
  2 orc warriors
  2 sky beasts
  2 ogres
  2 centaurs
  6 bullfrogs
  2 elf skeletons (D:6)
  A scorpion (D:6)
  2 crimson imps
  5 hounds
  A quasit (D:6)
  An orc wizard (D:2)
  A bullfrog skeleton (D:6)
  3 iguanas
  7 worker ants
  A killer bee zombie (D:6)
  A hound skeleton (D:6)
  5 adders
  5 gnolls
  A shadow imp (D:6)
  An adder skeleton (D:6)
  5 worms
  3 dart slugs
  4 leopard geckos
  14 orcs
  A ball python (D:3)
  6 giant cockroaches
  8 hobgoblins
  6 jackals
  A quokka (D:7)
  7 bats
  2 frilled lizards
  2 giant cockroach zombies
  5 goblins
  4 kobolds
  A leopard gecko skeleton (D:6)
  3 orc skeletons (D:6)
  An orc zombie (D:6)
  A quokka skeleton (D:2)
  12 rats
139 creatures vanquished.

Notes
Turn   | Place    | Note
-------+----------+-------------------------------------------
     0 | D:1      | RudyRod the Formicid Fighter began the quest for the Orb.
     0 | D:1      | Reached XP level 1. HP: 18/18 MP: 1/1
    33 | D:1      | Reached XP level 2. HP: 21/24 MP: 2/2
   293 | D:1      | Reached XP level 3. HP: 30/30 MP: 3/3
  1228 | D:2      | Reached skill level 3 in Long Blades
  1228 | D:2      | Reached XP level 4. HP: 29/37 MP: 4/4
  1563 | D:2      | Reached XP level 5. HP: 35/42 MP: 5/5
  1871 | D:2      | Found a faded altar of an unknown god.
  3212 | D:4      | Found a radiant altar of Vehumet.
  3263 | D:4      | HP: 1/42 [hound (3)]
  3269 | D:4      | Gained mutation: You have a somewhat thin skeletal structure. (Dex +2, Stealth) [potion of mutation]
  3269 | D:4      | Gained mutation: You are resistant to hostile enchantments. (MR+) [potion of mutation]
  3269 | D:4      | Gained mutation: You occasionally shout uncontrollably at your foes. [potion of mutation]
  3269 | D:4      | Gained mutation: You are partially covered in yellow scales. (AC +2) [potion of mutation]
  3277 | D:4      | Reached skill level 1 in Dodging
  3277 | D:4      | Reached XP level 6. HP: 31/48 MP: 6/6
  3469 | D:4      | Reached skill level 4 in Long Blades
  3872 | D:5      | Entered Level 5 of the Dungeon
  3941 | D:5      | Noticed a sky beast
  3954 | D:5      | Killed a sky beast
  3954 | D:5      | Reached XP level 7. HP: 39/54 MP: 7/7
  3992 | D:5      | Reached skill level 5 in Armour
  4230 | D:5      | Found a sparkling altar of Nemelex Xobeh.
  4301 | D:5      | Reached skill level 5 in Shields
  4551 | D:5      | Reached skill level 5 in Long Blades
  4551 | D:5      | Reached XP level 8. HP: 35/61 MP: 8/8
  4898 | D:6      | Noticed Tiareth's ghost (novice DESk)
  4911 | D:5      | Reached skill level 5 in Fighting
  5143 | D:6      | Reached skill level 6 in Long Blades
  5230 | D:6      | Reached XP level 9. HP: 56/68 MP: 9/9
  5328 | D:6      | Reached skill level 7 in Long Blades
  5450 | D:6      | Killed Tiareth's ghost
  5897 | D:7      | Reached skill level 8 in Long Blades
  6046 | D:7      | Noticed Duvessa
  6047 | D:7      | Noticed Dowan
  6067 | D:7      | Slain by Duvessa

Skill      XL: |  1  2  3  4  5  6  7  8  9 |
---------------+----------------------------+-----
Shields        | 4 5 6 7 |  7.1
Long Blades    | 3 4 5 6 8 |  8.0
Armour         | 4 5 6 |  6.3
Fighting       | 4 5 |  5.7
Dodging        | 1 2 3 4 |  4.5
Stealth        | |  0.1

Action                   |  1- 3 |  4- 6 |  7- 9 || total
-------------------------+-------+-------+-------++-------
Melee: Long sword        |   105 |   182 |   390 ||   677
  Use: Potion            |     2 |     4 |     1 ||     7
       Scroll            |       |     1 |    10 ||    11
  Eat: Chunk             |     1 |     9 |     3 ||    13
       Ration            |       |       |     2 ||     2
Armor: Scale mail        |    51 |    80 |    71 ||   202
       Chain mail        |       |       |    70 ||    70
Dodge: Dodged            |    46 |    71 |   119 ||   236
Block: Shield            |    48 |   113 |   234 ||   395
       Rpst.: Long sword |    19 |    23 |    37 ||    79
